 Dungeon Crawl Stone Soup version 0.19.0-2-gae57169 (webtiles) character file.

34162 Derfel the Cleaver (level 13, 0/124 HPs)
             Began as a Minotaur Berserker on Nov 1, 2016.
             Was a High Priest of Trog.
             Slain by a fire crab (15 damage)
             ... on level 6 of the Lair of Beasts on Nov 2, 2016.
             The game lasted 01:03:17 (13057 turns).

Derfel the Cleaver (Minotaur Berserker)            Turns: 13057, Time: 01:03:17

Health: 0/124      AC: 21    Str: 31    XL:     13   Next: 40%
Magic:  12/12      EV: 18    Int:  4    God:    Trog [*****.]
Gold:   677        SH:  0    Dex: 15    Spells: 0 memorised, 12 levels left

rFire  . . .     SeeInvis .     a - +4 hand axe (freeze)
rCold  . . .     Gourm    .     L - +0 plate armour
rNeg   . . .     Faith    .     (no shield)
rPois  +         Spirit   .     (helmet unavailable)
rElec  .         Reflect  .     (no cloak)
rCorr  .         Harm     .     h - +1 pair of gloves
MR     .....                    D - +1 pair of boots
Stlth  ..........               (no amulet)
                                o - ring of poison resistance
                                d - +5 ring of strength

@: exhausted, slowed, very slow
A: retaliatory headbutt, horns 3, repulsion field 1, agile 1, strong 1
a: Berserk, Trog's Hand, Brothers in Arms, Burn Spellbooks, Renounce Religion


You were on level 6 of the Lair of Beasts.
You worshipped Trog.
Trog was extremely pleased with you.
You were very hungry.

You visited 2 branches of the dungeon, and saw 14 of its levels.

You collected 677 gold pieces.

Inventory:

Hand Weapons
 a - a +4 hand axe of freezing (weapon)
 b - a +0 blowgun
 C - a +1 short sword of distortion
 J - a +2 trident of piercing
 W - a +3 whip
 Y - a +2 quarterstaff of draining
Missiles
 l - 11 poisoned needles
 s - 4 needles of confusion
 v - 7 tomahawks (quivered)
 G - 4 curare-tipped needles
Armour
 h - a +1 pair of gloves (worn)
 D - a +1 pair of boots (worn)
 L - a +0 plate armour (worn)
Jewellery
 d - a +5 ring of strength (left hand)
 o - a ring of poison resistance (right hand)
 t - a +3 ring of strength
 x - an uncursed ring of see invisible
 K - an uncursed ring of protection from fire
Wands
 y - a wand of acid (5/15)
 z - a wand of confusion (28/48)
 H - a wand of paralysis (3/24)
 M - a wand of confusion (31/48)
 N - a wand of random effects (24/48)
 O - a wand of paralysis (9/24)
 S - a wand of polymorph (12/24)
 U - a wand of flame (26/48)
 Z - a wand of lightning (10/15)
Scrolls
 g - a scroll of enchant armour
 i - 4 scrolls of fog
 k - 4 scrolls of blinking
 m - 2 scrolls of recharging
 p - 3 scrolls of teleportation
 E - a scroll of fear
 F - 6 scrolls of remove curse
 I - a scroll of enchant weapon
 T - 2 scrolls of brand weapon {unknown}
Potions
 e - 7 potions of curing
 j - 2 potions of cancellation
 q - 3 potions of might
 r - 2 potions of mutation
 u - a potion of cure mutation {unknown}
 w - 2 potions of berserk rage
 A - 2 potions of haste {unknown}
 P - 2 potions of heal wounds
 Q - a potion of degeneration {unknown}
 R - 2 potions of brilliance {unknown}
 V - 2 potions of ambrosia {unknown}
 X - 3 potions of invisibility {unknown}
Comestibles
 c - 11 bread rations
 f - 9 meat rations
 n - a slice of pizza
 B - 19 fruits


   Skills:
 + Level 14.1 Fighting
 - Level 14.1 Axes
 + Level 13.3 Armour
 - Level 12.6 Dodging


You had 12 spell levels left.
You didn't know any spells.

Dungeon Overview and Level Annotations

Branches:
Dungeon (8/15)             Temple (0/1) D:6            Lair (6/6) D:8
 Shoals (0/4) Lair:2        Snake (0/4) Lair:4
  Slime: Lair:5-6

Altars:
Cheibriados
Dithmenos
Elyvilon
Gozag
Nemelex Xobeh
Ru
Sif Muna
Trog
Vehumet
Xom
Yredelemnul

Shops:
D:4 [*


Innate Abilities, Weirdness & Mutations

You reflexively headbutt those who attack you in melee.
You have a pair of large horns on your head.
You are surrounded by a mild repulsion field. (EV +2)
You are agile. (Dex +2)
Your muscles are strong. (Str +2)


Message History

You are too injured to fight recklessly!
You are too injured to fight recklessly!
You slash the fire crab! You freeze the fire crab.
Your headbutt misses the fire crab.
The fire crab is severely wounded.
You miss the water moccasin. The fire crab breathes flames at you.
The blast of flame engulfs you!
The water moccasin is engulfed in roaring flames.
The water moccasin completely misses you.
You hit the fire crab but do no damage. Your headbutt misses the fire crab.
The fire crab is severely wounded.
You barely miss the water moccasin.
You are engulfed in roaring flames.
* * * LOW HITPOINT WARNING * * *
The water moccasin is engulfed in roaring flames.
The water moccasin dies!
The fire crab completely misses you. The fire crab claws you.
* * * LOW HITPOINT WARNING * * *
You are engulfed in flames!
You die...

...#.#.#.≈≈≈≈≈.≈≈≈...
.<......≈≈≈≈...≈≈≈≈.#..
.........≈≈≈...≈≈≈..... #
........≈≈≈≈≈≈≈≈≈≈...# ≈§
..........≈≈≈≈≈≈≈≈..# ###...
.........≈≈≈≈≈≈≈.≈..###......
.............≈...............
..P.........P..§§§...........
...(...÷...#...§@§..###...h..
......÷........§t§..## .....
......<.........§....# ..9.
.....÷...............# .D.
....................## ..
.........#..........# .
..................P.#
..................###
#.#.###..........##


You could see a fire crab.

Vanquished Creatures
  Kirke (Lair:4)
  The ghost of Aeraethus the Fighter, a journeyman MiBe of Trog (Lair:6)
  4 hydras
  A catoblepas (Lair:2)
  Erica (D:8)
  Sonja (Lair:3)
  Pikel (D:4)
  A hill giant (D:6)
  An oklob plant (Lair:1)
  A molten gargoyle (Lair:6)
  6 black mambas
  8 spiny frogs
  9 komodo dragons
  3 rime drakes
  6 hippogriffs
  16 blink frogs
  A human (D:7)
  36 yaks
  6 wyverns (Lair:5)
  A basilisk (Lair:6)
  6 hogs
  The ghost of coolio the Shield-Bearer, an amateur FoFi (D:3)
  2 hungry ghosts (D:7)
  A mottled dragon (Lair:6)
  9 water moccasins
  2 nagas (Lair:4)
  Duvessa (D:4)
  12 porcupines
  4 hell hounds (Lair:6)
  3 orc warriors (D:6)
  An ice beast (D:8)
  A phantom (D:5)
  2 sky beasts
  2 black bears (D:6)
  2 slaves (D:4)
  2 ogres
  6 centaurs
  8 crocodiles
  7 bullfrogs
  Dowan (D:4)
  2 howler monkeys
  3 bullfrog zombies
  5 hounds
  3 orc priests
  10 orc wizards
  A centaur skeleton (D:5)
  2 jellies (D:6)
  A bullfrog skeleton (D:5)
  3 iguanas
  2 worker ants
  A killer bee zombie (D:8)
  A gnoll (D:1)
  11 adders
  A shadow imp (D:8)
  An ooze (D:3)
  An adder zombie (D:5)
  2 dart slugs
  22 orcs
  3 ball pythons
  3 giant cockroaches
  5 goblins
  7 hobgoblins
  9 jackals
  2 quokkas
  10 bats
  5 frilled lizards
  A jackal skeleton (D:7)
  8 kobolds
  3 leopard gecko skeletons
  A leopard gecko zombie (D:7)
  A quokka zombie (D:6)
  6 rats
  A fungus (Lair:5)
  2 plants (Lair:4)
317 creatures vanquished.

Vanquished Creatures (others)
  A wizard (D:3)
  A water moccasin (Lair:6)
  A slave (D:4)
  A scorpion (D:4)
  An orc (D:4)
  2 fungi
  6 plants
13 creatures vanquished.

Grand Total: 330 creatures vanquished

Notes
Turn   | Place    | Note
-------+----------+-------------------------------------------
     0 | D:1      | Derfel the Minotaur Berserker began the quest for the Orb.
     0 | D:1      | Reached XP level 1. HP: 19/19 MP: 0/0
   226 | D:1      | Reached XP level 2. HP: 25/27 MP: 1/1
   557 | D:2      | Reached XP level 3. HP: 31/33 MP: 2/2
   718 | D:2      | Reached ** piety under Trog
  1219 | D:3      | Found a shadowy altar of Dithmenos.
  1220 | D:3      | Found a basalt altar of Yredelemnul.
  1222 | D:3      | Found a deep blue altar of Sif Muna.
  1288 | D:3      | Noticed coolio's ghost (amateur FoFi)
  1299 | D:3      | Killed coolio's ghost
  1299 | D:3      | Reached skill level 5 in Fighting
  1299 | D:3      | Reached skill level 5 in Axes
  1299 | D:3      | Reached XP level 4. HP: 36/42 MP: 3/3
  1299 | D:3      | Reached XP level 5. HP: 41/48 MP: 4/4
  1641 | D:3      | Found a bloodstained altar of Trog.
  1643 | D:3      | Noticed a wizard
  1647 | D:3      | Killed a wizard
  2193 | D:4      | Reached XP level 6. HP: 49/56 MP: 5/5
  2303 | D:4      | Found a snail-covered altar of Cheibriados.
  2376 | D:4      | Noticed a slave
  2378 | D:4      | Noticed Pikel
  2378 | D:4      | Noticed a slave
  2380 | D:4      | Noticed a slave
  2392 | D:4      | Noticed a slave
  2396 | D:4      | Killed a slave
  2405 | D:4      | Killed a slave
  2411 | D:4      | Killed Pikel
  2411 | D:4      | Reached XP level 7. HP: 59/64 MP: 6/6
  2419 | D:4      | Reached *** piety under Trog
  2591 | D:4      | Found a sparkling altar of Nemelex Xobeh.
  2591 | D:4      | Found a bloodstained altar of Trog.
  2618 | D:4      | Noticed Duvessa
  2619 | D:4      | Noticed Dowan
  2634 | D:4      | Killed Duvessa
  2634 | D:4      | Reached skill level 5 in Armour
  2634 | D:4      | Reached XP level 8. HP: 63/73 MP: 7/7
  2636 | D:4      | Killed Dowan
  2636 | D:4      | Reached skill level 5 in Dodging
  2647 | D:4      | Found Xakaur's Antique Armour Shop.
  2796 | D:4      | Found Feseishra's Serpentskin Sales.
  2973 | D:5      | Entered Level 5 of the Dungeon
  3225 | D:5      | Gained mutation: You are surrounded by a mild repulsion field. (EV +2) [mutagenic meat]
  3226 | D:5      | Gained mutation: Your muscles are strong. (Str +2) [mutagenic meat]
  3227 | D:5      | Gained mutation: You are agile. (Dex +2) [mutagenic meat]
  3228 | D:5      | Gained mutation: You have a pair of large horns on your head. [mutagenic meat]
  4351 | D:6      | Found a shimmering altar of Xom.
  4357 | D:6      | Found a staircase to the Ecumenical Temple.
  4415 | D:6      | Noticed a hill giant
  4418 | D:6      | Reached XP level 9. HP: 51/85 MP: 8/8
  4424 | D:6      | Killed a hill giant
  4424 | D:6      | Reached skill level 10 in Fighting
  5328 | D:7      | Reached **** piety under Trog
  5353 | D:7      | Upgraded the game from 0.19-b1-5-gdc9fa9d to 0.19.0-2-gae57169
  5624 | D:7      | Reached skill level 10 in Armour
  5631 | D:7      | Reached XP level 10. HP: 59/97 MP: 9/9
  5884 | D:7      | Found a radiant altar of Vehumet.
  6223 | D:8      | Found a sacrificial altar of Ru.
  6396 | D:8      | Received a gift from Trog
  6467 | D:8      | Noticed Erica
  6482 | D:8      | Killed Erica
  6636 | D:8      | Found a staircase to the Lair.
  6640 | Lair:1   | Entered Level 1 of the Lair of Beasts
  6640 | Lair:1   | Noticed a spiny frog
  6648 | D:8      | Killed a spiny frog
  7152 | Lair:1   | Noticed a black mamba
  7159 | Lair:1   | Killed a black mamba
  7190 | Lair:1   | Reached XP level 11. HP: 37/107 MP: 10/10
  7487 | Lair:1   | Noticed an oklob plant
  7506 | Lair:1   | Found an opulent altar of Gozag.
  7533 | Lair:1   | HP: 1/160 [acid (14)]
  7534 | Lair:1   | Killed an oklob plant
  8592 | Lair:2   | Noticed a catoblepas
  8616 | Lair:2   | Killed a catoblepas
  8700 | Lair:2   | Reached skill level 10 in Axes
  8931 | Lair:2   | Found a staircase to the Shoals.
  9328 | Lair:3   | Reached ***** piety under Trog
  9389 | Lair:3   | Noticed Sonja
  9410 | Lair:3   | Noticed a five-headed hydra
  9785 | Lair:3   | Reached XP level 12. HP: 114/115 MP: 11/11
  9792 | Lair:3   | Reached skill level 10 in Dodging
  9955 | Lair:3   | Killed Sonja
 10030 | Lair:3   | Killed a five-headed hydra
 10241 | Lair:3   | Received a gift from Trog
 10295 | Lair:4   | Noticed an eight-headed hydra
 10306 | Lair:4   | Killed an eight-headed hydra
 10794 | Lair:4   | Noticed Kirke
 11165 | Lair:4   | Killed Kirke
 11248 | Lair:4   | Found a staircase to the Snake Pit.
 11836 | Lair:5   | Reached XP level 13. HP: 97/122 MP: 12/12
 12124 | Lair:5   | Received a gift from Trog
 12298 | Lair:5   | Found a white marble altar of Elyvilon.
 12556 | Lair:6   | Entered Level 6 of the Lair of Beasts
 12607 | Lair:6   | Noticed Aeraethus's ghost (journeyman MiBe)
 12858 | Lair:6   | Killed Aeraethus's ghost
 13057 | Lair:6   | Slain by a fire crab

Skill      XL: |  1  2  3  4  5  6  7  8  9 10 11 12 13 |
---------------+----------------------------------------+-----
Axes           | 4 5 6 7 11 14 | 14.1
Armour         | 3 4 5 7 10 12 13 | 13.3
Fighting       | 5 6 7 9 11 13 14 | 14.1
Dodging        | 3 4 5 6 9 12 | 12.6

Action                   |  1- 3 |  4- 6 |  7- 9 | 10-12 | 13-15 || total
-------------------------+-------+-------+-------+-------+-------++-------
Melee: Dagger            |    63 |       |       |       |       ||    63
       Hand axe          |     2 |   101 |   201 |   433 |   119 ||   856
       Headbutt          |    10 |    18 |    46 |   148 |    53 ||   275
       Unarmed           |       |       |       |    14 |       ||    14
       Whip              |       |       |       |    12 |     8 ||    20
       Quarterstaff      |       |       |       |       |     7 ||     7
 Fire: Blowgun           |       |       |       |     3 |       ||     3
Throw: Tomahawk          |       |       |     2 |     5 |       ||     7
Invok: Berserk           |     1 |     1 |     2 |     2 |     1 ||     7
       Burn Spellbooks   |       |       |       |     1 |       ||     1
Evoke: Wand              |       |       |       |     8 |       ||     8
  Use: Scroll            |       |     8 |     4 |     9 |       ||    21
       Potion            |       |       |       |     3 |       ||     3
 Stab: Paralysed         |       |       |       |     4 |       ||     4
  Eat: Chunk             |     1 |     3 |    17 |    20 |     4 ||    45
       Pizza             |       |     1 |       |       |       ||     1
       Fruit             |       |       |       |     5 |       ||     5
Armor: Ring mail         |    23 |    37 |    17 |       |       ||    77
       Plate armour      |       |       |    65 |   187 |    60 ||   312
Dodge: Dodged            |    45 |    69 |    95 |   312 |   109 ||   630
